cohdb
Replays
Latest Replays
All Replays
Popular Replays
Top Player Replays
Match Explorer
How It Works
Community
CoH3 Stats
Reddit
Sign in to upload your games and track your stats! →
Sign in with Steam
Trying out Dak with a Tiger stall
Match 34740302
Overview
Messages
Build Orders
End
Panzergrenadier Squad
250 Light Carrier
Selects Italian Infantry
Panzergrenadier Squad
Construct Light Support Kompanie
MG34 Team
Construct Mechanized Kompanie
Combat Half-tracks
Selects Guastatori Squad
Veteran Squad Leaders
Support Armor Elements
Panzerjäger Mechanized Group
Advanced Field Repairs
Construct Panzerarmee Kommand
Selects Sound the Alarm
Armored Reserves
Selects Prepared Positions
Selects Registered Artillery
Guastatori Squad
Pak 38 Anti-tank Gun Team
Selects Obice 305mm Barrage
Tiger Heavy Tank
Rapid Advance
Vehicle Survival Package
Panzerpioneer Squad
Obice 305mm Barrage
Walking Stuka Rocket Launcher
Obice 305mm Barrage
Selects Towed Cannone da 105/28 Field Howitzer
Panzerpioneer Squad
Panzer IV Assault Group
Panzergrenadier Squad
Emergency Repair Kits
broodwarjc
A TRUE BLUE WICKIE
Aesar7
Bc124
Lobo
SturmFront
[TsN] Streicher
Scott Gardening Nice Person
0
0
Comments
sign in to comment!
No comments posted yet!